 Dungeon Crawl Stone Soup version 0.28-a0-1038-g9c4cb8273d (webtiles) character file.

Game seed: 1746228431448699689

219 garbled the Cutter (level 5, -9/28 HPs)
             Began as a Vine Stalker Monk on Dec 8, 2021.
             Killed from afar by a white imp (10 damage)
             ... with a puff of frost
             ... on level 5 of the Dungeon.
             The game lasted 00:10:32 (2960 turns).

garbled the Cutter (Vine Stalker Monk)              Turns: 2960, Time: 00:10:32

Health: -9/28      AC:  4    Str: 14    XL:     5   Next: 96%
Magic:  0/8        EV: 10    Int: 10    God:
Gold:   89         SH:  8    Dex: 18    Spells: 8/8 levels left

rFire   . . .      SeeInvis .   m - +0 dagger (flame)
rCold   . . .      Faith    .   o - +0 kite shield
rNeg    . . .      Spirit   +   q - +0 leather armour
rPois   .          Reflect  .   (helmet restricted)
rElec   .          Harm     .   (no cloak)
rCorr   .          Rampage  .   s - +0 pair of gloves
Will    .....                   (no boots)
Stlth   ++........              e - amulet of magic regeneration
HPRegen 0.89/turn               (no ring)
MPRegen 0.51/turn               (no ring)

@: no status effects
A: fangs 2, regeneration 1, magic shield, antimagic bite, no potion heal 2,
horns 1, low mp 1
a: no special abilities


You were on level 5 of the Dungeon.
You visited 1 branch of the dungeon, and saw 5 of its levels.

You collected 89 gold pieces.

Inventory:

Hand Weapons
 m - a +0 dagger of flaming (weapon)
Missiles
 b - 3 poisoned darts
 c - 72 stones (quivered)
 h - a throwing net
Armour
 o - a +0 kite shield (worn)
 q - a +0 leather armour (worn)
 s - a +0 pair of gloves (worn)
Jewellery
 e - an amulet of magic regeneration (around neck)
Wands
 d - a wand of flame (12)
Scrolls
 f - a scroll of enchant armour {unknown}
 g - a scroll of acquirement {unknown}
 i - a scroll of noise {unknown}
 j - a scroll of vulnerability {unknown}
 l - a scroll of identify {unknown}
 n - a scroll of fear {unknown}
 p - a scroll of silence {unknown}
 r - a scroll of fog {unknown}
 t - a scroll of blinking {unknown}
Potions
 a - a potion of degeneration {unknown}


   Skills:
 + Level 3.3 Fighting
 * Level 4.1 Short Blades
 - Level 2.7 Dodging
 + Level 3.6 Stealth
 * Level 1.2 Shields
 + Level 2.0 Spellcasting


You had 8 spell levels left.
You didn't know any spells.
Your spell library was empty.

Dungeon Overview and Level Annotations

Branches:
Dungeon (5/15)
 Temple: D:4-7

Altars:
Nemelex Xobeh

Shops:
D:1 *   D:3 !

Annotations:
D:4 Pikel
D:5 Dowan, Duvessa


Innate Abilities, Weirdness & Mutations

You have extremely sharp teeth.
Your natural rate of healing is unusually fast.
When hurt, damage is shared between your health and your magic reserves.
Your bite disrupts and absorbs the magic of your enemies.
Potions cannot restore your health.
You have a pair of small horns on your head.
Your magical capacity is low. (-10% MP)


Message History

Found a fizzy ruby potion and 10 gold pieces.
There is a stone staircase leading up here.
A centaur comes into view.
You see here a fizzy ruby potion.
a - a fizzy ruby potion You see here 10 gold pieces.
You now have 89 gold pieces (gained 10).
The centaur wields a +0 shortbow.
The centaur shoots an arrow.
The arrow barely misses you.
The centaur shoots an arrow.
The arrow hits you!
The centaur shoots an arrow.
The arrow hits you.
Duvessa and Dowan come into view.
Dowan is wielding a +1 dagger of speed.
Found a scroll of teleportation.
Found a stone staircase leading up.
The centaur shoots an arrow.
The arrow hits you!
* * * LOW HITPOINT WARNING * * *
The centaur unwields a +0 shortbow.
The centaur closely misses you. The centaur barely misses you.
The centaur hits you but does no damage.
The centaur kicks you but does no damage.
You hit the centaur but do no damage. You headbutt the centaur.
Your bite misses the centaur.
The centaur is lightly wounded.
Duvessa shouts!
You block the centaur's attack.
The centaur kicks you but does no damage.
A white imp comes into view.
The white imp shouts, "Slither home, thou rank elf-skinned measle!"
You hit the centaur. You burn the centaur. You headbutt the centaur!
You bite the centaur, but do no damage.
The centaur is heavily wounded.
You block the centaur's attack. x2; The centaur hits you.
* * * LOW HITPOINT WARNING * * *
The centaur kicks you.
* * * LOW HITPOINT WARNING * * *
The centaur wields a +0 shortbow.
The centaur shoots an arrow.
The arrow hits you!
* * * LOW HITPOINT WARNING * * *
The white imp gestures at you. The puff of frost hits you!
You die...

#.8.8.8.8.
#.........
##.....#.#
##........#
##.........##
##............
##.....c.......
................
.5.....@........
.?ee..#........
<..####........
.# #.....###
#....## #...##
#...# ##.## #<#


You could see Duvessa, Dowan, a centaur and a white imp.

Vanquished Creatures
  An ogre (D:4)
  An orc priest (D:3)
  3 adders
  A worm (D:2)
  4 dart slugs
  4 orcs (D:3)
  4 ball pythons
  8 endoplasms
  A giant cockroach (D:3)
  7 goblins
  6 hobgoblins
  3 jackals (D:2)
  A quokka (D:1)
  6 bats
  2 frilled lizards
  5 kobolds
  5 rats
62 creatures vanquished.

Notes
Turn   | Place    | Note
-------+----------+-------------------------------------------
     0 | D:1      | garbled the Vine Stalker Monk began the quest for the Orb.
     0 | D:1      | Reached XP level 1. HP: 11/11 MP: 2/2
   239 | D:1      | Reached skill level 3 in Short Blades
   311 | D:1      | Reached XP level 2. HP: 12/16 MP: 3/3
   588 | D:1      | Found a faded altar of an unknown god.
  1158 | D:1      | Found Wuzut's General Store.
  1302 | D:1      | Reached XP level 3. HP: 19/19 MP: 4/4
  1666 | D:2      | Reached skill level 1 in Spellcasting
  2006 | D:2      | Gained mutation: Your natural rate of healing is unusually
                  | fast. [Vine Stalker growth]
  2006 | D:2      | Reached XP level 4. HP: 19/24 MP: 6/6
  2020 | D:2      | You fall into a shaft and drop 2 floors!
  2020 | D:4      | Noticed a lemure
  2022 | D:4      | Noticed a lemure
  2024 | D:3      | Found a sparkling altar of Nemelex Xobeh.
  2134 | D:3      | Found Yquffyli's Distillery.
  2250 | D:3      | Reached XP level 5. HP: 28/28 MP: 8/8
  2826 | D:4      | Noticed a lemure
  2842 | D:3      | Gained mutation: Your magical capacity is low. (-10% MP)
                  | [potion of mutation]
  2842 | D:3      | Gained mutation: You have a pair of small horns on your
                  | head. [potion of mutation]
  2844 | D:3      | HP: 1/28 [lemure[Pikel] (3)]
  2884 | D:4      | Noticed an ogre
  2885 | D:4      | Noticed a hornet
  2887 | D:4      | Killed an ogre
  2888 | D:4      | Reached skill level 4 in Short Blades
  2888 | D:4      | Reached skill level 1 in Shields
  2933 | D:4      | Noticed Pikel
  2946 | D:5      | Entered Level 5 of the Dungeon
  2950 | D:5      | Noticed a centaur
  2956 | D:5      | Noticed Duvessa
  2956 | D:5      | Noticed Dowan
  2960 | D:5      | HP: 1/28 [centaur/arrow (4)]
  2960 | D:5      | Killed from afar by a white imp

Illustrated notes

Levels and vault maps discovered:
D:1:      dpeg_arrival_renting, layout_basic, basic_ecumenical_altar,
          serial_shops, shop
D:2:      layout_basic, minmay_pentomino_z4
D:3:      layout_basic, lemuel_round_altar, serial_shops,
          nicolae_shop_hallway_plus
D:4:      cheibrodos_old_hovel, layout_cave_pools, mainiacjoe_overflow_24_doors,
          marbit_many_paths, minmay_misc_feat_secret_circle, uniq_pikel
D:5:      layout_layer_cave, minmay_temple_entry_stoned_glass,
          roderic_serpentine_path, minmay_misc_feat_pillars, uniq_duvessa

Skill      XL: |  1  2  3  4  5 |
---------------+----------------+-----
Short Blades   | 3 4 |  4.1
Spellcasting   | 1 2 |  2.0
Stealth        | 3 |  3.6
Fighting       | 3 |  3.3
Shields        | 1 |  1.2
Dodging        | |  2.7

Action                   |  1- 3 |  4- 6 || total
-------------------------+-------+-------++-------
Melee: Short sword       |    10 |       ||    10
       Bite              |    34 |    24 ||    58
       Dagger            |   101 |    85 ||   186
       Headbutt          |       |     5 ||     5
Throw: Stone             |    28 |       ||    28
Evoke: Wand              |       |     1 ||     1
  Use: Scroll            |       |     3 ||     3
       Potion            |       |     1 ||     1
 Stab: Sleeping          |     7 |     6 ||    13
       Distracted        |     2 |       ||     2
Armor: Robe              |    17 |     2 ||    19
       Leather armour    |       |    12 ||    12
Dodge: Dodged            |    70 |    36 ||   106
Block: Kite shield       |       |    18 ||    18

Table legend: (Time is in decaauts)
 A = Elapsed time spent in this place.
 B = Non-inter-level travel time spent in this place.
 C = Inter-level travel time spent in this place.
 D = Time resting spent in this place.
 E = Time spent auto-exploring this place.
 F = Levels seen in this place.
 G = Mean time per level.
                   A        B        C        D        E       F      G
               +--------+--------+--------+--------+--------+-----+--------+
         Total |   2947 |   2882 |     65 |    186 |   1959 |   5 |  589.4 |
       Dungeon |   2947 |   2882 |     65 |    186 |   1959 |   5 |  589.4 |
               +--------+--------+--------+--------+--------+-----+--------+

Top non-repeatable levels by time:
     D:1: 1517 daAuts
     D:3: 841 daAuts
     D:2: 487 daAuts
     D:4: 86 daAuts
     D:5: 14 daAuts
